[Event "*** Titled Tuesday Blitz"]
[Site "Chess.com"]
[Date "2020.10.20"]
[Round "5"]
[White "Leonid_Starozhilov"]
[Black "mamey78"]
[Result "1-0"]
[WhiteElo "2634"]
[BlackElo "2411"]
[TimeControl "180+1"]
[EndTime "10:56:22 PDT"]
[Termination "Leonid_Starozhilov won by resignation"]

1. e4 e5 2. Nf3 Nc6 3. Bc4 Nf6 4. d3 Be7 5. c3 O-O 6. Bb3 d5 7. Nbd2 a5 8. O-O b6 9. Re1 Bb7 10.
Qe2 a4 11. Bc2 dxe4 12. Nxe4 Nxe4 13. dxe4 Ba6 14. Qd1 a3 15. b3 f6 16. Be3 Qxd1 17.
Raxd1 Rfd8 18. Nd2 Bd3 19. Bxd3 Rxd3 20. Nb1 Rad8 21.
Rxd3 Rxd3 22. Kf1 Na7 23. Ke2 Rd8 24. Rd1 Rxd1 25. Kxd1 Kf7 26. Kc2 Nb5 27. b4 Nd6 28. f3 Nc4 29. Bc1 c5 30. Nxa3 Nxa3+ 31. Bxa3 c4 32.
Bc1 b5 33. a4 bxa4 34. Kb2 f5 35. Ka3 fxe4 36. fxe4 Bh4 37. Bd2 1-0

[Event "*** Titled Tuesday Blitz"]
[Site "Chess.com"]
[Date "2020.10.20"]
[Round "5"]
[White "Sjakkerntobi"]
[Black "MisiekZielony"]
[Result "0-1"]
[WhiteElo "2403"]
[BlackElo "2279"]
[TimeControl "180+1"]
[EndTime "10:56:22 PDT"]
[Termination "MisiekZielony won by resignation"]

1. e4 Nf6 2. e5 Nd5 3. Nc3 e6 4. Nxd5 exd5 5. d4 d6 6. exd6 Bxd6 7. Nf3 O-O 8. Be2 Bg4 9. O-O c6 10. c4 dxc4 11. Bxc4 Nd7 12. Bb3 Nb6 13. h3 Bh5 14. g4 Bg6 15. Ne5 Be4 16. Qe2 Bd5 17. Bc2 Re8 18. Qd3 g6 19. f4 Bxe5 20. fxe5 Bc4 21. Qe3 Bxf1 22. Kxf1 c5 23. Qh6 Qxd4 24. Bg5 Qxe5 25.
Kg1 Nd5 26. Rf1 Qg3+ 27. Kh1 Ne3 28. Rg1 Qf3+ 29. Kh2 Qf2+ 30. Kh1 Qf3+ 31. Kh2 Re6 32. Bb3 c4 33. Ba4 b5 34. Bxb5 Rb8 35.
a4 a6 36. b4 axb5 37. a5 Rbe8 38. h4 Nxg4+ 39. Rxg4 Qxg4 0-1

[Event "*** Titled Tuesday Blitz"]
[Site "Chess.com"]
[Date "2020.10.20"]
[Round "5"]
[White "C_K_G"]
[Black "KaterynaLagno"]
[Result "0-1"]
[WhiteElo "2118"]
[BlackElo "2690"]
[TimeControl "180+1"]
[EndTime "10:56:25 PDT"]
[Termination "KaterynaLagno won on time"]

1. e4 e5 2. Nf3 Nc6 3. Bc4 Nf6 4. Ng5 d5 5. exd5 Na5 6. Bb5+ c6 7. dxc6 bxc6 8. Qf3 Be7 9. Bxc6+ Nxc6 10. Qxc6+ Bd7 11. Qc4 O-O 12. Nc3 Rc8 13. Qe2 Bc6 14. O-O h6 15. Nf3 e4 16. Ne5 Bb7 17. h3 Re8 18. Ng4 Bd6 19.
b3 Bb8 20. Bb2 h5 21. Nxf6+ Qxf6 22. Qxh5 Qf4 23. g3 Qxd2 24. Qg4 Rxc3 25. Bxc3 Qxc3 26. Rfe1 e3 27. fxe3 Rxe3 28. Rxe3 Qxe3+ 29. Kf1 Bxg3 30. Qf5 g6 31. Qf6 Bf3 0-1

[Event "*** Titled Tuesday Blitz"]
[Site "Chess.com"]
[Date "2020.10.20"]
[Round "5"]
[White "dretch"]
[Black "Kurai"]
[Result "1-0"]
[WhiteElo "2812"]
[BlackElo "2586"]
[TimeControl "180+1"]
[EndTime "10:56:26 PDT"]
[Termination "dretch won by resignation"]

1. d4 d5 2. c3 Nf6 3. Bf4 e6 4. e3 Bd6 5. Bg3 O-O 6. Nd2 b6 7. Ngf3 c5 8. Ne5 Qc7 9. Bd3 Ba6 10. Bxa6 Nxa6 11. Qe2 Nb8 12. O-O Nc6 13. f4 Ne7 14.
Bh4 Ng6 15. Bxf6 gxf6 16. Ng4 f5 17. Nf2 Kh8 18. Rac1 Rac8 19. Nd3 Rg8 20. Nf3 f6 21. c4 Qb7 22. dxc5 bxc5 23. b3 e5 24. fxe5 fxe5 25. Qb2 Qg7 26. cxd5 e4 27. Ng5 Qxb2 28. Nxb2 Ne5 29.
Rxf5 Rg7 30. Nxe4 Rcg8 31. Nxd6 Rxg2+ 32. Kh1 Rxb2 33. Rxe5 Rgg2 34. Nf7+ Kg7 35. Rg5+ Rxg5 36. Nxg5 1-0

[Event "*** Titled Tuesday Blitz"]
[Site "Chess.com"]
[Date "2020.10.20"]
[Round "5"]
[White "BikingBrian"]
[Black "jonaszmb"]
[Result "0-1"]
[WhiteElo "2246"]
[BlackElo "2414"]
[TimeControl "180+1"]
[EndTime "10:56:27 PDT"]
[Termination "jonaszmb won by resignation"]

1. d4 d5 2. Bf4 h5 3. c4 Nf6 4.
Nc3 e6 5. cxd5 Nxd5 6. Bd2 Nxc3 7. Bxc3 Qd5 8. Nf3 Be7 9. Qc2 b6 10. e4 Qd8 11. Bb5+ c6 12. Bd3 Bb7 13. O-O-O Nd7 14.
e5 b5 15. Be4 Nb6 16. Ba5 Qd7 17. b3 Nd5 18. Bxd5 cxd5 19. Kb1 b4 20. Qc7 Qxc7 21.
Bxc7 Kd7 22. Rc1 Rac8 23. Ba5 Ba6 24. Kb2 h4 25. h3 g5 26. Nd2 Bd3 27. Rxc8 Rxc8 28.
Rc1 Rxc1 29. Kxc1 Kc6 30. a3 bxa3 31. Bc3 Kb5 32. Nf3 Bf1 33. Ne1 g4 34. hxg4 Bxg2 35. f4 h3 36. Nd3 Bh4 37. Be1 Bxe1 38. Nxe1 0-1

[Event "*** Titled Tuesday Blitz"]
[Site "Chess.com"]
[Date "2020.10.20"]
[Round "5"]
[White "CarlssonLudvig"]
[Black "Grineva_Marianna"]
[Result "1-0"]
[WhiteElo "2449"]
[BlackElo "2245"]
[TimeControl "180+1"]
[EndTime "10:56:28 PDT"]
[Termination "CarlssonLudvig won by resignation"]

1. e4 c5 2. Nc3 a6 3. g3 b5 4. Bg2 Bb7 5. d3 e6 6. Nh3 b4 7. Ne2 d5 8. O-O Ne7 9. f4 Nd7 10. Nf2 h5 11. h3 d4 12. b3 Ng6 13. a4 Be7 14. f5 exf5 15. exf5 Bxg2 16. Kxg2 Nge5 17.
Ne4 Qb6 18. Bf4 Qc6 19. Ng1 O-O-O 20. Nf3 Nxf3 21. Qxf3 Nf6 22. Nxf6 Qxf3+ 23. Kxf3 Bxf6 24. Rfe1 Kd7 25. Re2 Rde8 26. Rae1 Rxe2 27. Rxe2 a5 28. Re4 Kc6 29. Be5 Re8 30. Bxf6 Rxe4 31. Kxe4 gxf6 32.
Kf4 Kd5 33. h4 Kc6 34. g4 hxg4 35. h5 Kd5 36. h6 g3 37. Kxg3 Ke5 38. h7 Kxf5 39.
h8=Q 1-0

[Event "*** Titled Tuesday Blitz"]
[Site "Chess.com"]
[Date "2020.10.20"]
[Round "5"]
[White "Bwert2602"]
[Black "Ranindu2003"]
[Result "0-1"]
[WhiteElo "2302"]
[BlackElo "2548"]
[TimeControl "180+1"]
[EndTime "10:56:29 PDT"]
[Termination "Ranindu2003 won on time"]

1. d4 Nf6 2. Nc3 d5 3. Bg5 Nbd7 4. f3 h6 5. Bh4 c5 6. e4 cxd4 7. Qxd4 e5 8. Qa4 d4 9. Nd5 g5 10. Nxf6+ Qxf6 11. Bg3 Bd6 12. Bb5 a6 13. c3 Qe7 14.
cxd4 O-O 15. O-O-O Nb6 16. Qa5 Qc7+ 17. Kb1 axb5 18.
Qxb5 Be6 19. d5 Bd7 20. Qd3 Na4 21. Ne2 Qb6 22. Qb3 Qxb3 23. axb3 Nc5 24. Nc1 Ra6 25.
h4 g4 26. h5 Rfa8 27. Rh4 Ra1+ 28. Kc2 Rc8 29. Kd2 Be7 30. b4 Rxc1 31. Kxc1 Nxe4+ 0-1

[Event "*** Titled Tuesday Blitz"]
[Site "Chess.com"]
[Date "2020.10.20"]
[Round "5"]
[White "TheCavemanChesss"]
[Black "ChronicUnhappiness"]
[Result "1-0"]
[WhiteElo "2480"]
[BlackElo "2290"]
[TimeControl "180+1"]
[EndTime "10:56:31 PDT"]
[Termination "TheCavemanChesss won by resignation"]

1. e4 c5 2. Nf3 Nc6 3. d4 cxd4 4.
Nxd4 Nf6 5. Nc3 e5 6. Ndb5 d6 7. Bg5 a6 8. Na3 b5 9. Nd5 Be7 10. Bxf6 Bxf6 11. c3 Bg5 12. Nc2 O-O 13. a4 bxa4 14.
Rxa4 Rb8 15. b4 a5 16. b5 Ne7 17. Nce3 Bxe3 18. Nxe3 Bb7 19. Be2 Qc7 20. O-O Qxc3 21.
Qxd6 Ng6 22. Rd1 Nf4 23. Bf3 Ne6 24. Ra3 Qb4 25. Qxb4 axb4 26. Rb3 Nd4 27. Rxb4 Rfd8 28. Rdb1 g6 29. Ng4 Nxf3+ 30. gxf3 Rd3 31. Nxe5 Rc3 32. b6 Rd8 33. Rc4 Rxc4 34. Nxc4 Rd7 35. Na5 Kf8 36.
Rc1 Ke7 37. Nxb7 Rxb7 38. Rb1 Kd6 39. Kg2 Kc6 40. Kg3 Rxb6 41. Rxb6+ Kxb6 42. Kf4 f6 43. e5 f5 44. Kg5 Kc6 45. Kf6 Kd7 46. Kf7 1-0

[Event "*** Titled Tuesday Blitz"]
[Site "Chess.com"]
[Date "2020.10.20"]
[Round "5"]
[White "ajdemipopushi"]
[Black "MVM2008"]
[Result "1-0"]
[WhiteElo "2347"]
[BlackElo "2140"]
[TimeControl "180+1"]
[EndTime "10:56:31 PDT"]
[Termination "ajdemipopushi won by resignation"]

1. Nf3 d5 2. g3 c5 3. Bg2 f5 4.
c4 e6 5. O-O Nf6 6. d4 dxc4 7.
Qa4+ Nc6 8. Ne5 Nd5 9. Nxc6 bxc6 10. dxc5 Bd7 11. Qxc4 Be7 12. e4 fxe4 13. Bxe4 O-O 14. a3 Qe8 15. Qc2 Qh5 16. Nd2 Nf6 17. Bg2 Bxc5 18.
Ne4 Nxe4 19. Qxe4 Bb6 20. Be3 Bxe3 21. Qxe3 Kh8 22. Rad1 Qf7 23. Rd6 Qe7 24. Rfd1 Rad8 25.
Qxa7 Rf7 26. Bxc6 h5 27. Rxd7 Rxd7 28. Rxd7 1-0

[Event "*** Titled Tuesday Blitz"]
[Site "Chess.com"]
[Date "2020.10.20"]
[Round "5"]
[White "Zhani-Z"]
[Black "Shahinyan_ChessMood"]
[Result "0-1"]
[WhiteElo "2541"]
[BlackElo "2733"]
[TimeControl "180+1"]
[EndTime "10:56:32 PDT"]
[Termination "Shahinyan_ChessMood won on time"]

1. e4 d6 2. d4 Nf6 3. Nc3 e5 4. Nf3 Nbd7 5. Bc4 Be7 6. O-O O-O 7. a4 c6 8. Re1 exd4 9. Nxd4 Ne5 10. Ba2 Re8 11. Bf4 Bd7 12. Qd2 Qa5 13. Nd5 Qxd2 14.
Nxe7+ Rxe7 15. Bxd2 c5 16. Nb5 Bxb5 17. axb5 h6 18.
f3 b6 19. Bc3 Rd8 20. Red1 Kf8 21. Rd2 Red7 22. Rad1 Ke7 23. h4 g5 24. hxg5 hxg5 25.
Kf2 Ng6 26. Bc4 Nf4 27. g3 Ne6 28. g4 Nf4 29. Rh1 d5 30. exd5 N6xd5 31. Re1+ Kf8 32. Red1 Ke7 33. Re1+ Kf8 34. Red1 Nxc3 35. Rxd7 Nxd1+ 0-1

[Event "*** Titled Tuesday Blitz"]
[Site "Chess.com"]
[Date "2020.10.20"]
[Round "5"]
[White "GigaQuparadze"]
[Black "Carnivoras"]
[Result "1-0"]
[WhiteElo "2870"]
[BlackElo "2633"]
[TimeControl "180+1"]
[EndTime "10:56:33 PDT"]
[Termination "GigaQuparadze won on time"]

1. e4 e5 2. f4 exf4 3. Nf3 d5 4. exd5 Nf6 5. Bc4 Bd6 6. O-O O-O 7. d4 Bg4 8. Bb3 Re8 9. c4 c5 10. Nc3 Nbd7 11. Kh1 a6 12. Bc2 Qc7 13. b3 cxd4 14.
Qxd4 Bxf3 15. gxf3 Be5 16. Qd3 Bxc3 17. Qxc3 Nxd5 18.
Qd3 N5f6 19. Qf5 Re2 20. Bxf4 Qc6 21. Bd3 Re6 22. b4 Rae8 23. b5 axb5 24. cxb5 Qb6 25. a4 Ne5 26. Bc2 Ng6 27. Bg3 Re2 28. Bd3 Rd2 29.
Rae1 Rxe1 30. Rxe1 h5 31. Qc8+ Kh7 32. Qc3 Ra2 33.
Qb3 Rd2 34. Bb1 Qd4 35. Qxf7 1-0

[Event "*** Titled Tuesday Blitz"]
[Site "Chess.com"]
[Date "2020.10.20"]
[Round "5"]
[White "alexwinter25"]
[Black "Heineccius"]
[Result "0-1"]
[WhiteElo "2355"]
[BlackElo "2527"]
[TimeControl "180+1"]
[EndTime "10:56:34 PDT"]
[Termination "Heineccius won by checkmate"]

1. e4 c5 2. Nf3 e6 3. d4 cxd4 4.
c3 Nf6 5. Bd3 dxc3 6. Nxc3 d6 7.
O-O Nc6 8. Qe2 a6 9. Bf4 Be7 10. h3 e5 11. Be3 Be6 12. Rfd1 h6 13. Rac1 O-O 14. Bb1 Rc8 15. Nd5 Bxd5 16. exd5 Nb4 17. Rxc8 Qxc8 18. g4 Nbxd5 19. g5 hxg5 20. Bxg5 Qxh3 21.
Rxd5 Nxd5 22. Qe4 Nf6 23. Bxf6 Bxf6 24. Qxb7 g6 25. Qd5 Kg7 26. Ne1 Rh8 27. Qg2 Qh6 28.
Nf3 Qc1+ 29. Qf1 Rh1+ 30. Kg2 Qxf1+ 31. Kg3 Qh3# 0-1

[Event "*** Titled Tuesday Blitz"]
[Site "Chess.com"]
[Date "2020.10.20"]
[Round "5"]
[White "dosto07"]
[Black "WiktoriaPOL"]
[Result "1-0"]
[WhiteElo "2330"]
[BlackElo "2057"]
[TimeControl "180+1"]
[EndTime "10:56:34 PDT"]
[Termination "dosto07 won by resignation"]

1. e4 c5 2. Nf3 g6 3. d4 cxd4 4. Qxd4 Nf6 5. Nc3 Nc6 6. Qa4 d6 7. e5 dxe5 8. Nxe5 Bg7 9. Nxc6 bxc6 10. Qxc6+ Bd7 11. Qf3 Bg4 12. Bb5+ Kf8 13. Qg3 Ne4 14. Qxg4 Nxc3 15. Bd3 h5 16. Qf3 Nd5 17. O-O Kg8 18.
Be4 e6 19. Rd1 Qa5 20. Bxd5 exd5 21. Qxd5 Qxd5 22. Rxd5 Re8 23. Be3 Bxb2 24. Rb1 Bc3 25. Bxa7 Kg7 26. Rd7 Re2 27. g3 Rxc2 28. Rc7 Rb2 29.
Rxb2 Bxb2 30. a4 Ra8 31. a5 Be5 32. Rb7 Kf6 33. Kf1 Ke6 34. Ke2 f5 35. Kd3 Kd5 36. Rb5+ Kd6 37. Bb8+ Kc6 38. Rb6+ Kd5 39. Bxe5 Kxe5 40.
f4+ Kd5 41. a6 Kc5 42. Rxg6 Kd5 43. Rf6 Kc5 44. Rxf5+ Kd6 45. Rf6+ Kd5 46. Rh6 Kc5 47.
Rxh5+ Kd6 48. Rh6+ 1-0

[Event "*** Titled Tuesday Blitz"]
[Site "Chess.com"]
[Date "2020.10.20"]
[Round "5"]
[White "maximnovik"]
[Black "Chessmatus"]
[Result "1-0"]
[WhiteElo "2517"]
[BlackElo "2347"]
[TimeControl "180+1"]
[EndTime "10:56:35 PDT"]
[Termination "maximnovik won by checkmate"]

1. d4 Nf6 2. Bg5 Ne4 3. Bh4 c5 4. f3 g5 5. fxe4 gxh4 6. e3 Bh6 7. Kf2 Nc6 8. Qh5 Qb6 9. Bc4 Rf8 10. Qxh6 Qxb2 11.
Ne2 Qxa1 12. Nbc3 Qb2 13. Rb1 Qxc2 14. Bb3 Qd3 15. Rd1 Qa6 16. Nd5 Qa5 17. dxc5 Ne5 18. Qh5 Ng6 19. Nd4 Kd8 20. Qh6 Qxc5 21. Nf5 Re8 22. Ng7 Rg8 23. Nf5 b6 24. Qxh7 Rf8 25. Qg7 Ke8 26. Nfxe7 Bb7 27. Nf6+ Kxe7 28. Rxd7# 1-0

[Event "*** Titled Tuesday Blitz"]
[Site "Chess.com"]
[Date "2020.10.20"]
[Round "5"]
[White "TC2304"]
[Black "kleopl"]
[Result "0-1"]
[WhiteElo "2265"]
[BlackElo "2453"]
[TimeControl "180+1"]
[EndTime "10:56:36 PDT"]
[Termination "kleopl won on time"]

1. d4 Nf6 2. Bg5 c5 3. Nc3 cxd4 4. Qxd4 Nc6 5. Qh4 Qb6 6. O-O-O d6 7. e4 Ng4 8. Nh3 h6 9. Nd5 Qa5 10. Kb1 Nge5 11. f4 Ng6 12. Qh5 hxg5 13. Qxg5 Bxh3 14.
Bb5 Qd8 15. gxh3 e6 16. Qg3 a6 17. Bxc6+ bxc6 18. f5 Ne5 19. Nf4 exf5 20. exf5 Qh4 21. Qe3 Be7 22. Rhg1 Qf6 23. Qe4 Rb8 24. c3 Rh4 25. Rgf1 Kf8 26. Ka1 Kg8 27. Qa4 Qg5 28. Rd4 c5 29. Re4 Qxf5 30. Qc2 Bf6 31. Qe2 Qg5 0-1

[Event "*** Titled Tuesday Blitz"]
[Site "Chess.com"]
[Date "2020.10.20"]
[Round "5"]
[White "CLG_Nemsko"]
[Black "JiiHart"]
[Result "0-1"]
[WhiteElo "2206"]
[BlackElo "2069"]
[TimeControl "180+1"]
[EndTime "10:56:36 PDT"]
[Termination "JiiHart won by resignation"]

1. e4 c5 2. Nf3 Nc6 3. d4 cxd4 4. Nxd4 Nf6 5. Nc3 d6 6. Bg5 e6 7. Qd2 a6 8. O-O-O Bd7 9. f3 Be7 10. Be3 b5 11. Nxc6 Bxc6 12. Ne2 Qc7 13. Nd4 Bb7 14. Kb1 O-O 15. g4 Rac8 16. Bd3 Nd7 17. g5 Ne5 18. f4 Nc4 19. Bxc4 Qxc4 20. f5 Rfe8 21. Qd3 e5 22. f6 Bf8 23. fxg7 Bxg7 24. Nf5 Bxe4 25. Nxd6 Bxd3 26.
Nxc4 Bxc4 27. Rd7 Be6 28. Ra7 Ra8 29. Rxa8 Rxa8 30. c3 Rd8 31. b3 Rd3 32. Re1 0-1

[Event "*** Titled Tuesday Blitz"]
[Site "Chess.com"]
[Date "2020.10.20"]
[Round "5"]
[White "Oligan22"]
[Black "Anton_Demchenko"]
[Result "0-1"]
[WhiteElo "2421"]
[BlackElo "2822"]
[TimeControl "180+1"]
[EndTime "10:56:37 PDT"]
[Termination "Anton_Demchenko won by resignation"]

1. e4 e5 2. Nf3 Nc6 3. Bb5 a6 4. Ba4 d6 5. c3 Bd7 6. d4 g6 7. d5 Nce7 8. c4 Bg7 9. Nc3 h6 10. O-O f5 11. exf5 gxf5 12. Nh4 Nf6 13. Bxd7+ Qxd7 14.
f4 e4 15. Be3 O-O 16. g3 c6 17. dxc6 Qxc6 18. Rc1 Kh7 19. b3 Rad8 20. Qe2 Ng4 21. Rfd1 Nxe3 22. Qxe3 Qc5 23. Ng2 Nc6 24. Nd5 Bd4 25.
Rxd4 Qxd4 26. Rd1 Qg7 27. Kf2 Rd7 28. Rd2 Qa1 29. Nh4 Qh1 30. Re2 Qxh2+ 31. Ke1 Qh3 32.
Nb6 Rg7 33. Nd5 Qxg3+ 0-1

[Event "*** Titled Tuesday Blitz"]
[Site "Chess.com"]
[Date "2020.10.20"]
[Round "5"]
[White "AungTZ"]
[Black "mjray79"]
[Result "0-1"]
[WhiteElo "2135"]
[BlackElo "2394"]
[TimeControl "180+1"]
[EndTime "10:56:37 PDT"]
[Termination "mjray79 won by resignation"]

1. e4 e5 2. Nf3 Nc6 3. d4 exd4 4. Nxd4 Nf6 5. Nc3 Bb4 6. Nxc6 bxc6 7. Bd3 d5 8. exd5 cxd5 9. O-O O-O 10. Bg5 c6 11.
h3 Rb8 12. Qf3 Be7 13. Rab1 Nd7 14. Bd2 Ne5 15. Qe2 Nxd3 16. Qxd3 Bf6 17. Na4 Qd6 18. b4 g6 19. Bc3 Bf5 20. Qd2 d4 21. Ba1 Qd5 22. Nc5 Qxa2 23. Rfc1 a5 24. Bxd4 Rfd8 25. Ra1 Qc4 26. c3 axb4 27. Na6 Rbc8 28. Ra4 bxc3 29. Rxc4 cxd2 30. Rd1 Rxd4 31. Rxd4 Bxd4 32. Rxd2 c5 0-1

[Event "*** Titled Tuesday Blitz"]
[Site "Chess.com"]
[Date "2020.10.20"]
[Round "5"]
[White "chessplayer9919"]
[Black "K_A_S_T_O_R"]
[Result "0-1"]
[WhiteElo "2612"]
[BlackElo "2827"]
[TimeControl "180+1"]
[EndTime "10:56:39 PDT"]
[Termination "K_A_S_T_O_R won on time"]

1. e4 c5 2. Nc3 d6 3. f4 g6 4.
Nf3 Bg7 5. Bc4 Nc6 6. O-O e6 7. d4 cxd4 8. Nb5 Nge7 9. Bb3 O-O 10. Nbxd4 Na5 11. Be3 a6 12. Qe1 b5 13. Qh4 Nxb3 14. axb3 Bd7 15. Rad1 f6 16. Qh3 Qc8 17. e5 Nd5 18.
Bc1 fxe5 19. fxe5 dxe5 20. Ng5 Rxf1+ 21. Rxf1 h6 22. Nf7 h5 23. Nf3 Nf4 24. Bxf4 exf4 25. N7g5 e5 26. Qh4 Bf6 27. g3 Bg4 28. gxf4 exf4 0-1

[Event "*** Titled Tuesday Blitz"]
[Site "Chess.com"]
[Date "2020.10.20"]
[Round "5"]
[White "fabianvivasz"]
[Black "Shivagami"]
[Result "1-0"]
[WhiteElo "2451"]
[BlackElo "2251"]
[TimeControl "180+1"]
[EndTime "10:56:39 PDT"]
[Termination "fabianvivasz won by resignation"]

1. e4 e5 2. Nf3 Nc6 3. Bc4 Nf6 4. d4 exd4 5. e5 d5 6. Bb5 Ne4 7. Nxd4 Bc5 8. Be3 Bd7 9. Bxc6 bxc6 10. O-O O-O 11. Nd2 Nxd2 12. Qxd2 Bb6 13. Nb3 Qe7 14. Qc3 Rfe8 15. f4 a5 16. a4 Qb4 17. Bc5 Qxc3 18.
bxc3 Bf5 19. Rf2 Bxc5 20. Nxc5 Reb8 21. h3 Rb2 22. g4 Bc8 23. Kf1 Rab8 24. Nb3 Ba6+ 25.
Ke1 Bd3 26. Nxa5 Bxc2 27. Nxc6 Rb1+ 28. Kd2 R1b2 29. Nxb8 Bxa4+ 30. Ke3 1-0

[Event "*** Titled Tuesday Blitz"]
[Site "Chess.com"]
[Date "2020.10.20"]
[Round "5"]
[White "Evachess2006"]
[Black "FMalexhdez"]
[Result "0-1"]
[WhiteElo "1637"]
[BlackElo "2267"]
[TimeControl "180+1"]
[EndTime "10:56:39 PDT"]
[Termination "FMalexhdez won by resignation"]

1. e4 c5 2. c3 d6 3. d4 cxd4 4.
cxd4 g6 5. Nf3 Bg7 6. g3 Nc6 7. Bg2 Nf6 8. Nc3 O-O 9. O-O d5 10. e5 Ne4 11. Nxe4 dxe4 12. Ng5 Qxd4 13. Qxd4 Nxd4 14. Be3 Nc2 15. Rac1 Nxe3 16. fxe3 Bxe5 17. Bxe4 Bxb2 18. Rc7 Bf6 19. h4 Rb8 20. Bd5 Bxg5 21. hxg5 e6 22. Bc4 b6 23. Bb3 Rb7 24. Rxb7 Bxb7 25.
Rf6 Kg7 26. Kf2 h6 27. Rf4 hxg5 28. Rg4 Kf6 29. e4 Rd8 30. Ke3 Ba6 31. Bc2 Bf1 32.
e5+ Kxe5 33. Rxg5+ Kf6 34. Rg4 Bh3 35. Rf4+ Ke7 36. Rh4 Bf5 37. Bxf5 gxf5 38. Ra4 a5 39. Rc4 Rd5 40. Rc7+ Kf6 41. Rb7 Rb5 42. a4 Rb4 43.
Kf3 Ke5 44. Rxf7 Rxa4 45. Rb7 Rb4 46. Rc7 a4 47. Rc3 Rb3 0-1

[Event "*** Titled Tuesday Blitz"]
[Site "Chess.com"]
[Date "2020.10.20"]
[Round "5"]
[White "Smirnov_Pavel"]
[Black "ArjunErigaisi2003"]
[Result "0-1"]
[WhiteElo "2874"]
[BlackElo "3044"]
[TimeControl "180+1"]
[EndTime "10:56:41 PDT"]
[Termination "ArjunErigaisi2003 won by resignation"]

1. d4 f5 2. g3 Nf6 3. Bg2 g6 4. Nf3 Bg7 5. O-O O-O 6. c4 d6 7.
Nc3 c6 8. b3 Qc7 9. Bb2 e5 10.
dxe5 dxe5 11. e4 Na6 12. Qe2 f4 13. Rad1 Nh5 14. Ba3 Re8 15. Bd6 Qf7 16. Rd3 h6 17.
b4 Qxc4 18. Rfd1 Nxb4 19. Bxb4 Qxb4 20. Nh4 Kh7 21. a3 Qe7 22. Rd6 Bf6 23. Nf5 Qf7 24. Bf3 Ng7 25. Nxg7 Qxg7 26. Bg4 Bxg4 27. Qxg4 Rad8 28. Rd7 Rxd7 29. Rxd7 Re7 30. Rd6 Rf7 31. h4 h5 32. Qe6 fxg3 33. fxg3 Be7 34. Kg2 Bxd6 0-1

[Event "*** Titled Tuesday Blitz"]
[Site "Chess.com"]
[Date "2020.10.20"]
[Round "5"]
[White "GAusal"]
[Black "1977Ivan"]
[Result "0-1"]
[WhiteElo "2048"]
[BlackElo "2687"]
[TimeControl "180+1"]
[EndTime "10:56:41 PDT"]
[Termination "1977Ivan won by resignation"]

1. d4 Nf6 2. c4 g6 3. Nc3 Bg7 4. e4 d6 5. Nf3 O-O 6. Be2 e5 7. O-O Bg4 8. h3 Bxf3 9. Bxf3 exd4 10. Qxd4 Nc6 11. Qd1 Nd7 12. a3 Re8 13. Be3 Nb6 14. Qe2 Bxc3 15. bxc3 Ne5 16. c5 dxc5 17. Bxc5 Qf6 18.
Bd4 Nxf3+ 19. gxf3 Qe6 20. f4 Qxh3 21. f3 Qg3+ 22. Kh1 Qxf4 23. Rf2 Re6 24. Rh2 Rae8 25. Qg2 f5 26. e5 Nd7 27. Qa2 c5 28. Bf2 Nxe5 29.
Rh4 Qxf3+ 30. Kg1 Ng4 31. Rxg4 Qxg4+ 32. Kf1 c4 33. Rd1 Qxd1+ 34. Kg2 Qd5+ 35. Kg1 Re2 36. Qb1 Rxf2 37. Kxf2 Qd2+ 38. Kf3 Re3+ 0-1

[Event "*** Titled Tuesday Blitz"]
[Site "Chess.com"]
[Date "2020.10.20"]
[Round "5"]
[White "Pikachess999"]
[Black "catzapto"]
[Result "1-0"]
[WhiteElo "2349"]
[BlackElo "2147"]
[TimeControl "180+1"]
[EndTime "10:56:42 PDT"]
[Termination "Pikachess999 won by checkmate"]

1. e4 c5 2. a3 Nc6 3. b4 cxb4 4. axb4 Nxb4 5. c3 Nc6 6. d4 d5 7. exd5 Qxd5 8. Na3 e5 9. Nb5 Qd8 10. d5 Nb8 11. d6 Na6 12. Rxa6 bxa6 13. Nc7+ Kd7 14. Nxa8 Bxd6 15. Qg4+ Ke8 16. Qa4+ Ke7 17. Bxa6 Bxa6 18.
Qxa6 Qxa8 19. Nf3 Qe4+ 20. Be3 Qb1+ 21. Ke2 Qxh1 22. Qb7+ Kf6 23. Qd7 g6 24. Qxd6+ Kg7 25. Qxe5+ f6 26. Qc7+ Kf8 27. Bc5+ Ke8 28. Qc8+ Kf7 29.
Qd7+ Ne7 30. Qxe7+ Kg8 31. Qf8# 1-0

[Event "*** Titled Tuesday Blitz"]
[Site "Chess.com"]
[Date "2020.10.20"]
[Round "5"]
[White "KerryStead"]
[Black "anon569"]
[Result "0-1"]
[WhiteElo "2017"]
[BlackElo "2261"]
[TimeControl "180+1"]
[EndTime "10:56:42 PDT"]
[Termination "anon569 won on time"]

1. d4 Nf6 2. f3 e6 3. e4 b6 4. Be3 d6 5. Qd2 Bb7 6. c4 Nbd7 7. Ne2 g6 8. a4 a5 9. Na3 Bg7 10. Nc3 Qe7 11. O-O-O O-O 12. g4 Nb8 13. Be2 Nc6 14.
h4 h5 15. Rdg1 hxg4 16. fxg4 Nh7 17. g5 e5 18. d5 Nd4 19. Bg4 Nb3+ 20. Kc2 Nxd2 21.
Kxd2 f5 22. gxf6 Rxf6 23. h5 g5 24. Ne2 Bc8 0-1

[Event "*** Titled Tuesday Blitz"]
[Site "Chess.com"]
[Date "2020.10.20"]
[Round "5"]
[White "Savagelittlemole"]
[Black "GukeshDommaraju"]
[Result "0-1"]
[WhiteElo "2613"]
[BlackElo "2830"]
[TimeControl "180+1"]
[EndTime "10:56:43 PDT"]
[Termination "GukeshDommaraju won by resignation"]

1. e4 c6 2. d4 d5 3. e5 Bf5 4. Nf3 e6 5. Be2 c5 6. O-O Nc6 7. Be3 cxd4 8. Nxd4 Nge7 9. f4 Nxd4 10. Bxd4 Nc6 11. Bf2 Be7 12. c4 dxc4 13. Qa4 O-O 14. Qxc4 Rc8 15. Qa4 Qc7 16. Nc3 Rfd8 17. Nb5 Qb8 18.
Rfd1 a6 19. Nc3 Nb4 20. Rxd8+ Rxd8 21. Be3 Nc2 22. g4 Bg6 23. f5 Nxe3 24. fxg6 hxg6 25. Qf4 Bc5 26. Kh1 Bd4 27. Nd1 Nc2 28. Rc1 Bxe5 29. Qe4 Nd4 30. Nc3 f5 31. gxf5 gxf5 32. Bc4 fxe4 0-1

[Event "*** Titled Tuesday Blitz"]
[Site "Chess.com"]
[Date "2020.10.20"]
[Round "5"]
[White "SchieberSpieler"]
[Black "shaheus"]
[Result "1-0"]
[WhiteElo "2419"]
[BlackElo "2189"]
[TimeControl "180+1"]
[EndTime "10:56:43 PDT"]
[Termination "SchieberSpieler won by resignation"]

1. Nf3 d6 2. d4 g6 3. e4 Bg7 4.
c3 Nf6 5. Bd3 O-O 6. O-O c5 7.
Re1 cxd4 8. cxd4 Nc6 9. Nc3 Bg4 10. Be3 e5 11. d5 Ne7 12. h3 Bd7 13. a4 Nh5 14. Nb5 Bxb5 15. Bxb5 Nf4 16. Bf1 h6 17. Qd2 f5 18. Bxf4 fxe4 19. Rxe4 exf4 20. Rxf4 Rxf4 21. Qxf4 Kh7 22. Qe4 Nf5 23. Bd3 Qf6 24. Rb1 h5 25.
h4 Rc8 26. Ng5+ Kh8 27. g3 Bh6 28. Ne6 Kh7 29. Qf3 Rc1+ 30. Rxc1 Bxc1 31. Bxf5 Qxf5 32.
Qb3 Qf7 33. Qc3 Bh6 34. Qc8 a6 35. Qd8 Bc1 36. Qxd6 Bxb2 37. Ng5+ 1-0

[Event "*** Titled Tuesday Blitz"]
[Site "Chess.com"]
[Date "2020.10.20"]
[Round "5"]
[White "Zmeeed63"]
[Black "Margarita2907"]
[Result "1-0"]
[WhiteElo "2356"]
[BlackElo "2167"]
[TimeControl "180+1"]
[EndTime "10:56:43 PDT"]
[Termination "Zmeeed63 won by resignation"]

1. d4 d5 2. c4 e6 3. Nc3 Nf6 4. cxd5 exd5 5. Bg5 Be7 6. e3 c6 7. Bd3 O-O 8. Qc2 Nbd7 9. Nge2 h6 10. Bh4 Re8 11.
f3 c5 12. dxc5 Nxc5 13. Bb5 Bd7 14. Bxd7 Qxd7 15. O-O-O Qe6 16. Bf2 Rac8 17. Nf4 Qa6 18.
Nfxd5 Nxd5 19. Rxd5 Na4 20. Rhd1 Nxc3 21. bxc3 Ba3+ 22.
Kb1 Rc6 23. e4 Bb4 24. Rd8 Rxd8 25. Rxd8+ Kh7 26. e5+ g6 27. Qb3 Qf1+ 28. Rd1 Qxf2 29. Qxf7+ Kh8 30. Rd8+ 1-0